 Dungeon Crawl Stone Soup version 0.21.0 (webtiles) character file.

212 ObsidianBottle the Grave Robber (level 5, -10/28 HPs)
             Began as a Deep Elf Necromancer on Jan 10, 2018.
             Shot with an arrow by a centaur (13 damage)
             ... on level 4 of the Dungeon.
             The game lasted 00:12:10 (3707 turns).

ObsidianBottle the Grave Robber (DENe)              Turns: 3707, Time: 00:12:11

Health: -10/28     AC:  3    Str:  5    XL:     5   Next: 58%
Magic:  14/14      EV: 13    Int: 21    God:
Gold:   93         SH:  0    Dex: 15    Spells: 0/14 levels left

rFire    . . .     SeeInvis .   q - +1 hunting sling
rCold    . . .     Gourm    .   (no shield)
rNeg     . . .     Faith    .   a - +0 robe
rPois    .         Spirit   .   (no helmet)
rElec    .         Reflect  .   m - +0 cloak
rCorr    .         Harm     .   (no gloves)
MR       .....                  (no boots)
Stlth    ++........             (no amulet)
HPRegen  0.09/turn              (no ring)
MPRegen  0.14/turn              (no ring)

@: no status effects
A: no striking features
a: no special abilities


You were on level 4 of the Dungeon.
You were not hungry.

You visited 1 branch of the dungeon, and saw 4 of its levels.

You collected 93 gold pieces.

Inventory:

Hand Weapons
 h - a +0 dagger
 k - a +0 short sword
 q - a +1 hunting sling (weapon)
 t - a +0 spear
 x - a +0 long sword
Missiles
 i - 45 stones (quivered)
 p - 46 sling bullets
 y - 7 javelins
Armour
 a - a +0 robe (worn)
 m - a +0 cloak (worn)
Scrolls
 d - 2 scrolls of remove curse
 z - a scroll of blinking {unknown}
Potions
 l - a potion of berserk rage
 r - a potion of haste
 s - a potion of curing
 u - a potion of degeneration {unknown}
 v - a potion of might {unknown}
Books
 b - a book of Necromancy

   Spells                             Type                      Level
   a - Pain                           Necromancy                   1
   b - Animate Skeleton               Necromancy                   1
   c - Vampiric Draining              Necromancy                   3
   d - Regeneration                   Charms/Necromancy            3
   e - Animate Dead                   Necromancy                   4
   f - Borgnjor's Vile Clutch         Necromancy/Earth             5
Comestibles
 c - 5 rations


   Skills:
 - Level 2.4 Dodging
 - Level 2.4 Stealth
 - Level 5.0 Spellcasting
 - Level 7.2 Necromancy
 + Level 1.3 Earth Magic


You couldn't memorise any spells.
You knew the following spells:

 Your Spells              Type           Power        Failure   Level  Hunger
a - Pain                  Necr           ####         1%          1    None
b - Vampiric Draining     Necr           #####.....   1%          3    ##.....
c - Animate Dead          Necr           N/A          5%          4    ####...
d - Borgnjor's Vile Clut  Necr/Erth      ###.......   45%         5    #####..
T - Animate Skeleton      Necr           N/A          1%          1    None


Dungeon Overview and Level Annotations

Branches:
Dungeon (4/15)
 Temple: D:4-7

Altars:
Ashenzari
Ru
Wu Jian
Yredelemnul

Annotations:
D:3 exclusions: 2 doors and 8 more exclusions, Sigmund
D:4 Edmund


Message History

There is a stone staircase leading up here.
Okay, then.
Wield which item (- for none, * to show all)? (? for menu, Esc to quit)
Okay, then.
There is a stone staircase leading up here.
You climb upwards.
Level annotation: exclusions: 2 doors and 8 more exclusions, Sigmund
There is a stone staircase leading down here.
You climb downwards.
Level annotation: Edmund
There is a stone staircase leading up here.
The centaur shouts!
The centaur shoots an arrow.
The arrow hits you!
The centaur shoots an arrow.
The arrow misses you.
You see here an arrow.
The centaur shoots an arrow.
The arrow hits you!
Ouch! That really hurt!
* * * LOW HITPOINT WARNING * * *
The centaur shoots an arrow.
The arrow hits you!
You die...

#.......##
###..#.....#,,,,, ##.....##
###.......####,,,,, *
#...### ##......#.## *,,,,,
***##...# #.....)##.#
**,,,, ,,,*##..##
##.....##..# *,,,,
,,,**#...# #.....###.##
*,,,,
,,,,*##..####...c###..#####
**,,, ,,,,*
#...##.c(.##....#...# **,,
,,,,**##..##.(##@...#.(..#*
***
*,...###....##....##.....#
*
,_.......(.....####......#
,...........<#####.......##
*#########..## #.....[....#
### #..# *#..........##
##>#
#.##*#.........#.c###...
#.#*#..........##..##...
#.#*...........###..#...


You could see a centaur.

Vanquished Creatures
  A scorpion (D:4)
  An iguana (D:4)
  7 adders
  4 worms
  A ball python (D:1)
  2 giant cockroaches
  5 goblins
  14 hobgoblins
  2 jackals (D:4)
  7 kobolds
  6 bats
  3 frilled lizards
  4 rats
57 creatures vanquished.

Vanquished Creatures (collateral kills)
  A worm (D:2)
  A hobgoblin (D:1)
  2 kobolds (D:1)
  A frilled lizard (D:1)
  2 rats
7 creatures vanquished.

Grand Total: 64 creatures vanquished

Notes
Turn   | Place    | Note
-------+----------+-------------------------------------------
     0 | D:1      | ObsidianBottle the Deep Elf Necromancer began the quest for the Orb.
     0 | D:1      | Reached XP level 1. HP: 10/10 MP: 6/6
     2 | D:1      | Learned a level 1 spell: Animate Skeleton
   154 | D:1      | Reached skill level 5 in Necromancy
   602 | D:1      | Reached XP level 2. HP: 15/15 MP: 5/8
  1418 | D:2      | Reached XP level 3. HP: 19/19 MP: 10/10
  1423 | D:2      | Learned a level 3 spell: Vampiric Draining
  1544 | D:2      | Found a basalt altar of Yredelemnul.
  2016 | D:2      | Reached XP level 4. HP: 22/24 MP: 8/12
  2023 | D:2      | Learned a level 4 spell: Animate Dead
  2124 | D:2      | Reached skill level 6 in Necromancy
  2517 | D:3      | Reached skill level 5 in Spellcasting
  2710 | D:3      | Found an ornate altar of the Wu Jian Council.
  3206 | D:3      | Noticed Sigmund
  3424 | D:4      | Found a sacrificial altar of Ru.
  3441 | D:4      | Reached XP level 5. HP: 27/28 MP: 10/14
  3491 | D:4      | Learned a level 5 spell: Borgnjor's Vile Clutch
  3495 | D:4      | Found a shattered altar of Ashenzari.
  3539 | D:4      | Noticed Edmund
  3545 | D:4      | Noticed a centaur
  3610 | D:4      | Reached skill level 7 in Necromancy
  3610 | D:4      | Reached skill level 1 in Earth Magic
  3707 | D:4      | Shot with an arrow by a centaur

Skill      XL: |  1  2  3  4  5 |
---------------+----------------+-----
Necromancy     | 5 6 7 |  7.2
Spellcasting   | 4 5 |  5.0
Earth Magic    | 1 |  1.3
Dodging        | |  2.4
Stealth        | |  2.4

Action                   |  1- 3 |  4- 6 || total
-------------------------+-------+-------++-------
 Fire: Hunting sling     |     5 |    10 ||    15
 Cast: Pain              |    58 |    52 ||   110
       Animate Skeleton  |    14 |     7 ||    21
       Vampiric Draining |       |     3 ||     3
  Use: Scroll            |       |     7 ||     7
       Potion            |       |     1 ||     1
  Eat: Chunk             |     3 |     6 ||     9
Armor: Robe              |       |     1 ||     1
Dodge: Dodged            |     3 |     6 ||     9
